 Dungeon Crawl Stone Soup version 0.30-a0-691-g754fce4c43 (webtiles) character file.

Game seed: 4696077977403559998

370 Leeroy the Slasher (level 6, -1/35 HPs)
             Began as a Tengu Warper on Jan 19, 2023.
             Succumbed to a kobold's poison
             ... on level 3 of the Dungeon.
             The game lasted 00:05:02 (3259 turns).

Leeroy the Slasher (Tengu Warper)                   Turns: 3259, Time: 00:05:03

Health: -1/35      AC:  6    Str:  8 (11) XL:     6   Next: 70%
Magic:  10/10      EV: 13    Int: 11 (14) God:
Gold:   174        SH:  0    Dex: 13 (15) Spells: 4/9 levels left

rFire   + . .      SeeInvis .    t - +0 long sword
rCold   . . .      Faith    .    (no shield)
rNeg    . . .      Spirit   .    b - +0 leather armour
rPois   .          Reflect  .    (helmet restricted)
rElec   .          Harm     .    s - +2 cloak
rCorr   .          Rampage  .    (no gloves)
Will    .....                    (boots unavailable)
Stlth   +                        (no amulet)
HPRegen 0.25/turn                l - ring of protection from fire
MPRegen 0.12/turn                (no ring)

@: lethally poisoned (-1 -> -14), flying quickly and evasively, quick
A: beak, talons 3, nimble flight
a: no special abilities


You were on level 3 of the Dungeon.
You visited 1 branch of the dungeon, and saw 3 of its levels.

You collected 174 gold pieces.

Inventory:

Hand Weapons
 a - a +0 falchion
 m - a +0 rapier
 q - a +6 scythe
 r - a +2 heavy spear
 t - a +0 long sword (weapon)
Missiles
 d - 13 boomerangs of dispersal (quivered)
 k - 12 poisoned darts
Armour
 b - a +0 leather armour (worn)
 g - a +0 cloak
 s - a +2 cloak (worn)
Jewellery
 l - a ring of protection from fire (left hand)
Scrolls
 e - 6 scrolls of identify {unknown}
 n - a scroll of magic mapping {unknown}
 o - a scroll of vulnerability {unknown}
 u - a scroll of teleportation {unknown}
Potions
 f - 2 potions of lignification
 h - a potion of degeneration
 p - a potion of haste


   Skills:
 - Level 2.0 Fighting
 + Level 7.6 Long Blades
 - Level 1.0 Throwing
 - Level 1.1 Armour
 - Level 2.1 Dodging
 - Level 2.0 Spellcasting
 - Level 2.4 Translocations


You had 4 spell levels left.
You knew the following spells:

 Your Spells              Type           Power      Damage    Failure   Level
a - Blink                 Tloc           12%        N/A       24%         2
b - Vhi's Electric Charg  Tloc/Air       6%         N/A       58%         3

Your spell library contained the following spells:

 Spells                   Type           Power      Damage    Failure   Level
 Lesser Beckoning         Tloc           12%        N/A       24%         2
 Teleport Other           Tloc           6%         N/A       43%         3
 Manifold Assault         Tloc           6%         N/A       83%         4
 Anguish                  Hex/Necr       0%         N/A       99%         4
 Enfeeble                 Hex            0%         N/A       100%        7


Dungeon Overview and Level Annotations

Branches:
Dungeon (3/15)

Altars:
Yredelemnul

Annotations:
D:3 Ijyb


Innate Abilities, Weirdness & Mutations

You have a beak for a mouth.
You have claws for feet.
Your magical nature lets you fly swiftly and evasively.


Message History

Ijyb is heavily wounded.
You feel very sick. Ijyb closely misses you. The kobold closely misses you.
It was a potion of lignification.
You turn into a tree.
Your +2 cloak melds into your body.
Your +0 leather armour melds into your body.
Your roots penetrate the ground.
You feel very sick. Ijyb hits you but does no damage.
The kobold hits you but does no damage.
You are more poisoned.
You completely miss Ijyb.
Ijyb is heavily wounded.
You feel very sick. Ijyb hits you but does no damage.
The kobold hits you but does no damage.
You are lethally poisoned!
It was a potion of degeneration.
There was something very wrong with that liquid.
You feel weakened.
You feel dopey.
You feel clumsy.
* * * LOW HITPOINT WARNING * * *
You feel very sick. Ijyb hits you with a +3 spectral club.
* * * LOW HITPOINT WARNING * * *
The kobold hits you but does no damage.
It was a potion of haste.
You feel yourself speed up.
* * * LOW HITPOINT WARNING * * *
You feel very sick. Ijyb hits you but does no damage.
The kobold hits you but does no damage.
It was a potion of brilliance.
You feel clever all of a sudden.
* * * LOW HITPOINT WARNING * * *
You feel very sick. The kobold hits you but does no damage.
Ijyb hits you but does no damage.
It was a potion of cancellation.
Your magical effects are unravelling.
You feel magically purged.
You feel less wooden.
Your +2 cloak unmelds from your body.
Your +0 leather armour unmelds from your body.
You feel yourself slow down.
You feel a little less clever now.
You die...

#.#####.#...............######
###.#####.#........#..###......#
......<##.#.$.........# #.####.#
###.##>##.##.##.......# #.####.##
#.##.##.##.####.(#### #.##.....
#.......##.......# #.##.#.##
####.#########lg.# #.##.#.# #...#
#gK.# #......# #...# #@g.#
#####.### # #...# #†..# #.......#
# ###.# ######...#####..##.#.#
#######.###...............##...##
....##..............)........#...
###.....###...............#...†##
# ##......####.#...#.###.......#
# #.##.#.# #.#...#.# ##......#
#.##.#.# #.#...#.# ######.#


You could see Ijyb, a hobgoblin, a goblin, a kobold and a frilled lizard.

Vanquished Creatures
  Sigmund (D:2)
  An orc priest (D:3)
  Jessica (D:2)
  An orc wizard (D:3)
  Robin (D:2)
  6 adders
  A worm (D:2)
  3 orcs (D:3)
  5 ball pythons
  7 endoplasms
  4 giant cockroaches
  10 goblins
  3 hobgoblins
  3 kobolds
  3 quokkas
  5 bats
  3 frilled lizards
  5 rats
63 creatures vanquished.

Vanquished Creatures (others)
  A goblin (D:2)
  3 withered plants (D:2)
4 creatures vanquished.

Grand Total: 67 creatures vanquished

Notes
Turn   | Place    | Note
-------+----------+-------------------------------------------
     0 | D:1      | Leeroy the Tengu Warper began the quest for the Orb.
     0 | D:1      | Reached XP level 1. HP: 12/12 MP: 4/4
   232 | D:1      | Reached skill level 3 in Long Blades
   232 | D:1      | Reached XP level 2. HP: 16/17 MP: 6/6
   266 | D:1      | You fall into a shaft and drop 1 floor!
   311 | D:2      | Found a basalt altar of Yredelemnul.
   602 | D:1      | Reached XP level 3. HP: 15/21 MP: 7/7
   822 | D:2      | Noticed Sigmund
   889 | D:2      | Reached skill level 4 in Long Blades
  1162 | D:2      | Noticed Jessica
  1167 | D:2      | Killed Jessica
  1168 | D:2      | Reached XP level 4. HP: 23/26 MP: 8/8
  1249 | D:2      | Reached skill level 5 in Long Blades
  1273 | D:2      | Learned a level 2 spell: Blink
  1429 | D:2      | Learned a level 3 spell: Vhi's Electric Charge
  1718 | D:2      | Killed Sigmund
  1719 | D:2      | Reached skill level 6 in Long Blades
  1719 | D:2      | Gained mutation: Your magical nature lets you fly swiftly
                  | and evasively. [Tengu growth]
  1719 | D:2      | Reached XP level 5. HP: 14/30 MP: 9/9
  1719 | D:2      | Reached XP level 6. HP: 17/35 MP: 10/10
  1945 | D:2      | Found a faded altar of an unknown god.
  1972 | D:2      | Noticed Robin
  1975 | D:2      | Reached skill level 7 in Long Blades
  2739 | D:2      | Killed Robin
  3067 | D:3      | Noticed Ijyb
  3258 | D:3      | HP: 2/52 [poisoned by a kobold]
  3259 | D:3      | Succumbed to a kobold's poison

Illustrated notes

Levels and vault maps discovered:
D:1:      shiori_arrival_oz, layout_loops_ring
D:2:      layout_basic, ebering_ecumenical_altar_petrified, basic_altar,
          lemuel_flame_loot_1, uniq_sigmund, uniq_robin, uniq_jessica
D:3:      layout_loops_cross, uniq_ijyb

Skill      XL: |  1  2  3  4  5  6 |
---------------+-------------------+-----
Long Blades    | 3 4 6 7 |  7.6
Fighting       | |  2.0
Throwing       | |  1.0
Armour         | |  1.1
Dodging        | |  2.1
Spellcasting   | |  2.0
Translocations | |  2.4

Action                   |  1- 3 |  4- 6 || total
-------------------------+-------+-------++-------
Melee: Falchion          |    65 |    25 ||    90
       Kick              |    18 |    28 ||    46
       Peck              |     4 |     8 ||    12
       Halberd           |       |    53 ||    53
       Long sword        |       |    15 ||    15
       Unarmed           |       |     8 ||     8
 Cast: Blink             |       |     4 ||     4
  Use: Potion            |       |     5 ||     5
       Scroll            |       |     1 ||     1
 Stab: Sleeping          |     1 |     4 ||     5
Armor: Leather armour    |    26 |    29 ||    55
       Skin              |       |     9 ||     9
Dodge: Dodged            |    36 |    81 ||   117

Table legend: (Time is in decaauts)
 A = Elapsed time spent in this place.
 B = Non-inter-level travel time spent in this place.
 C = Inter-level travel time spent in this place.
 D = Time resting spent in this place.
 E = Time spent auto-exploring this place.
 F = Levels seen in this place.
 G = Mean time per level.
                   A        B        C        D        E       F      G
               +--------+--------+--------+--------+--------+-----+--------+
         Total |   3201 |   3069 |    132 |    445 |   1953 |   3 | 1067.0 |
       Dungeon |   3201 |   3069 |    132 |    445 |   1953 |   3 | 1067.0 |
               +--------+--------+--------+--------+--------+-----+--------+

Top non-repeatable levels by time:
     D:2: 1891 daAuts
     D:1: 765 daAuts
     D:3: 544 daAuts
